 Dungeon Crawl Stone Soup version 0.27-a0-1084-g78b3836a5f (console) character file.

Game seed: 6278479383695814856

17423 nht the Martial Artist (level 12, 88/88 HPs)
             Began as a Demonspawn Artificer on Apr 27, 2021.
             Was the Champion of Hepliaklqana.
             Quit the game on level 12 of the Dungeon.
             The game lasted 00:29:05 (11601 turns).

nht the Martial Artist (Demonspawn Artificer)      Turns: 11601, Time: 00:29:05

Health: 88/88      AC: 14    Str: 13    XL:     12   Next: 18%
Magic:  20/20      EV: 10    Int: 16    God:    Hepliaklqana [******]
Gold:   846        SH:  6    Dex: 23    Spells: 11/11 levels left

rFire    . . .     SeeInvis +   k - +4 dagger (elec)
rCold    . . .     Faith    +   x - +0 buckler
rNeg     . . .     Spirit   .   f - +4 ring mail of Xuquss {rElec Dex+8}
rPois    .         Reflect  .   (no helmet)
rElec    +         Harm     .   q - +0 cloak
rCorr    .         Rampage  .   y - +0 pair of gloves
Will     .....                  L - +0 pair of boots
Stlth    +.........             B - amulet of faith
HPRegen  0.24/turn              K - ring of see invisible
MPRegen  0.17/turn              (no ring)

@: no status effects
A: reduced essence, rugged brown scales 2, powered by death 2, spiny 1
a: Renounce Religion, Recall Ancestor, Ancestor Identity, Transference, Idealise


You were on level 12 of the Dungeon.
You worshipped Hepliaklqana.
Hepliaklqana was exalted by your worship.
You visited 1 branch of the dungeon, and saw 12 of its levels.

You collected 846 gold pieces.

Inventory:

Hand Weapons
 k - a +4 dagger of electrocution (weapon)
 G - a +3 long sword of freezing
Missiles
 a - a throwing net
 c - 2 atropa-tipped darts
 g - 11 boomerangs
 l - 40 poisoned darts
 o - 5 javelins
 w - 2 curare-tipped darts
Armour
 f - the +4 ring mail of Xuquss (worn) {rElec Dex+8}
   (You found it on level 8 of the Dungeon)

   It affects your dexterity (+8).
   It insulates you from electricity.
 q - a +0 cloak (worn)
 x - a +0 buckler (worn)
 y - a +0 pair of gloves (worn)
 L - a +0 pair of boots (worn)
Jewellery
 r - an amulet of magic regeneration
 u - a ring of flight
 B - an amulet of faith (around neck)
 K - a ring of see invisible (left hand)
 O - a +6 ring of intelligence
 P - a ring of poison resistance
Wands
 N - a wand of flame (14)
Scrolls
 b - a scroll of teleportation
 j - 2 scrolls of holy word
 s - 2 scrolls of enchant armour {unknown}
 v - 2 scrolls of fear {unknown}
 z - 2 scrolls of enchant weapon
 C - 2 scrolls of torment {unknown}
 F - a scroll of amnesia {unknown}
 H - a scroll of blinking {unknown}
 I - a scroll of noise {unknown}
 J - a scroll of magic mapping {unknown}
Potions
 h - 9 potions of curing
 i - 4 potions of attraction
 m - a potion of flight
 n - 5 potions of heal wounds
 p - a potion of might
 t - 3 potions of mutation
 A - 3 potions of haste
 D - a potion of invisibility
 M - a potion of brilliance
Miscellaneous
 e - a piece from Xom's chessboard (inert) (quivered)
 E - a phial of floods (inert)
 Q - a tin of tremorstones (2/2)


   Skills:
 - Level 8.2 Fighting
 - Level 10.0 Short Blades
 - Level 1.7 Armour
 - Level 0.8 Dodging
 - Level 0.8 Stealth
 - Level 4.0 Shields
 + Level 12.8 Unarmed Combat
 - Level 11.0 Invocations
 - Level 4.2 Evocations


You had 11 spell levels left.
You didn't know any spells.
Your spell library contained the following spells:

 Spells                   Type           Power      Damage    Failure   Level
 Corona                   Hex            0%         N/A       47%         1
 Magic Dart               Conj           0%         1d3       47%         1
 Blink                    Tloc           N/A        N/A       63%         2
 Call Imp                 Summ           0%         N/A       63%         2
 Poisonous Vapours        Pois/Air       0%         N/A       63%         2
 Searing Ray              Conj           0%         3d3       63%         2
 Slow                     Hex            0%         N/A       63%         2
 Conjure Flame            Conj/Fire      0%         6-21      85%         3
 Inner Flame              Hex/Fire       0%         N/A       85%         3
 Mephitic Cloud           Conj/Pois/Air  0%         N/A       85%         3
 Portal Projectile        Hex/Tloc       0%         N/A       85%         3
 Spider Form              Tmut/Pois      0%         N/A       85%         3
 Cause Fear               Hex            0%         N/A       99%         4
 Leda's Liquefaction      Hex/Erth       0%         N/A       99%         4
 Fireball                 Conj/Fire      0%         3d3       100%        5
 Iskenderun's Battlesphe  Conj           0%         2d6       100%        5
 Lightning Bolt           Conj/Air       0%         1d11      100%        5
 Conjure Ball Lightning   Conj/Air       0%         3x3d6     100%        6
 Malign Gateway           Summ/Tloc      0%         N/A       100%        7


Dungeon Overview and Level Annotations

Branches:
Dungeon (12/15)            Temple (0/1) D:5            Lair (0/6) D:11
    Orc (0/2) D:9

Altars:
Ashenzari
Cheibriados
Gozag
Hepliaklqana
Makhleb
Nemelex Xobeh
Okawaru
Ru
Trog
Vehumet
Wu Jian
Xom
Zin

Shops:
D:11 (

Annotations:
D:7 3 runed translucent doors, kae's ghost, novice DrTm
D:9 exclusion: ice statue


Innate Abilities, Weirdness & Mutations

Your life essence is reduced to manifest your ancestor. (-10% HP)
You are mostly covered in rugged brown scales. (AC +2, +5% HP)
You regenerate health from kills.
You are partially covered in sharp spines.


Message History

The large slime creature resists with some effort.
The now-empty wand crumbles to dust.
The large slime creature is struck by your spines.
The large slime creature hits you but does no damage.
Thn hits the large slime creature with a +0 quarterstaff.
You don't have any such object.
Evoke which item? (* to show all) (? for menu, Esc to quit)
That's the wrong kind of item! (Use * to select it.) Evoke which item? (* to show all) (? for menu, Esc to quit)
Okay, then.
You don't have any such object.
Evoke which item? (* to show all) (? for menu, Esc to quit)
Okay, then.
The large slime creature completely misses thn.
Thn hits the large slime creature with a +0 quarterstaff!
Thn gestures at the large slime creature while chanting.
The puff of frost hits the large slime creature!
You see here a +0 falchion.
A large slime creature splits.
Thn hits the slime creature with a +0 quarterstaff!
Found 20 arrows.
Thn hits the slime creature with a +0 quarterstaff!
Thn casts a spell at the large slime creature.
The puff of frost hits the slime creature!
The kobold shouts!
Two slime creatures merge to form a large slime creature.
The kobold shouts!
You hear a shout!
Thn barely misses the large slime creature.
The boulder beetle curls into a ball and begins rolling!
The boulder beetle stops rolling and uncurls.
Found 18 gold pieces.
The boulder beetle leaps!
Found 19 sling bullets.
Found a potion of flight and 12 gold pieces.
Found a bloodstained altar of Trog.
Found a glowing hand axe.
You see here 19 sling bullets.
Found a stone staircase leading down.
Okay, then.
Are you sure you want to abandon this character and quit the game? (Confirm with "yes".)

...██. █○K.█
....█.█ █...█
_....█ █...█
.....██████K..█+█
+..$B.........
█....█████████
████..J.█
███>████..K..!.█
.......@..J(...█
.███████.......█
█.......█
█$......█
█.......█
█.......█
.........█
....).....█


You could see a boulder beetle, a large slime creature, a slime creature and a
kobold.

Vanquished Creatures
  A boulder beetle (D:11)
  A cyclops (D:11)
  A wolf spider (D:12)
  A manticore (D:12)
  2 ugly things
  An unseen horror (D:11)
  A komodo dragon (D:11)
  A gargoyle (D:12)
  Duvessa (D:5)
  4 ice devils (D:9)
  A troll (D:11)
  Grinder (D:4)
  4 slime creatures (D:12)
  A meliai zombie (D:10)
  Prince Ribbit (D:5)
  A wraith (D:11)
  2 steam dragons
  2 yaks
  A basilisk (D:12)
  2 vampire mosquitoes (D:10)
  Menkaure (D:5)
  2 water moccasins (D:11)
  An ice beast (D:6)
  A swamp drake (D:9)
  3 black bears (D:11)
  A centaur (D:7)
  4 kobold brigands
  4 bullfrogs
  2 scorpions
  A wyvern skeleton (D:6)
  14 killer bees
  5 wights
  2 centaur zombies
  A crimson imp (D:4)
  3 bullfrog zombies
  2 hounds (D:6)
  3 orc priests
  A centaur skeleton (D:6)
  2 jellies
  A gnoll shaman (D:9)
  Natasha (twice) (D:2)
  4 orc wizards
  A howler monkey skeleton (D:7)
  3 adders
  4 gnolls (D:9)
  A shadow imp (D:6)
  A white imp (D:4)
  4 ufetubi
  5 dart slugs (D:3)
  11 orcs
  3 ball pythons
  7 endoplasms
  5 goblins
  5 hobgoblins
  3 jackals (D:1)
  3 quokkas
  3 bats
  2 frilled lizards
  11 kobolds
  3 rats
165 creatures vanquished.

Vanquished Creatures (collateral kills)
  A hydra (D:12)
  A boulder beetle (D:12)
  An ogre mage (D:12)
  A gargoyle (D:12)
  An efreet (D:12)
  2 kobold demonologists (D:12)
  2 ice devils (D:9)
  A troll (D:12)
  3 slime creatures (D:12)
  Dowan (D:5)
  2 wraiths
  2 yaks
  2 steam dragons
  An acid dragon (D:11)
  A water moccasin (D:7)
  2 necrophages (D:7)
  3 black bears
  3 orc warriors
  2 centaurs
  A kobold brigand (D:12)
  A bullfrog (D:7)
  A scorpion (D:11)
  A gnoll sergeant (D:9)
  4 killer bees
  12 wights
  A howler monkey (D:4)
  A crimson imp (D:9)
  A hound (D:4)
  A jelly (D:4)
  2 orc priests
  An iguana (D:4)
  Crazy Yiuf (D:2)
  Natasha (D:2)
  2 orc wizards (D:9)
  A hound skeleton (D:4)
  2 gnolls (D:9)
  An adder (D:3)
  2 ufetubi (D:9)
  6 dart slugs
  12 orcs
  2 endoplasms
  2 giant cockroaches
  3 goblins
  2 hobgoblins
  2 jackals (D:4)
  5 kobolds
103 creatures vanquished.

Vanquished Creatures (others)
  A boulder beetle (D:12)
  A cyclops (D:12)
  3 yaks
  An ice beast (D:7)
  4 killer bees
  A wight (D:7)
  4 battlemagi
  45 fungi
  41 plants (D:11)
101 creatures vanquished.

Grand Total: 369 creatures vanquished

Notes
Turn   | Place    | Note
-------+----------+-------------------------------------------
     0 | D:1      | nht the Demonspawn Artificer began the quest for the Orb.
     0 | D:1      | Reached XP level 1. HP: 15/15 MP: 1/1
    37 | D:1      | Found a faded altar of an unknown god.
    55 | D:1      | Became a worshipper of Hepliaklqana the Forgotten
    55 | D:1      | Reached * piety under Hepliaklqana
   413 | D:1      | Gained mutation: You are partially covered in rugged brown
                  | scales. (AC +1, +3% HP) [demonic ancestry]
   413 | D:1      | Reached XP level 2. HP: 11/19 MP: 2/2
  1463 | D:2      | Reached XP level 3. HP: 17/24 MP: 3/3
  1707 | D:2      | Reached skill level 1 in Short Blades
  1729 | D:2      | Reached ** piety under Hepliaklqana
  1730 | D:2      | Remembered your ancestor thn as a battlemage
  1731 | D:2      | Noticed Natasha
  1735 | D:2      | Killed Natasha
  1785 | D:2      | Noticed Natasha
  1788 | D:2      | Reached XP level 4. HP: 28/29 MP: 4/4
  1794 | D:2      | Killed Natasha
  2135 | D:2      | Noticed Natasha
  2143 | D:2      | Killed Natasha
  2144 | D:2      | Reached XP level 5. HP: 25/34 MP: 5/5
  2390 | D:2      | Found a runed translucent door.
  2391 | D:2      | Noticed Crazy Yiuf
  2397 | D:2      | Killed Crazy Yiuf
  2660 | D:3      | Found an opulent altar of Gozag.
  2717 | D:3      | Found a radiant altar of Vehumet.
  3395 | D:4      | Reached XP level 6. HP: 37/39 MP: 6/6
  3438 | D:4      | Reached skill level 5 in Short Blades
  3710 | D:4      | Reached *** piety under Hepliaklqana
  3715 | D:4      | Found a broken altar of Ashenzari.
  3823 | D:4      | Noticed Grinder
  3831 | D:4      | Killed Grinder
  3832 | D:4      | Gained mutation: You are mostly covered in rugged brown
                  | scales. (AC +2, +5% HP) [demonic ancestry]
  3832 | D:4      | Reached XP level 7. HP: 39/45 MP: 7/7
  4041 | D:4      | Identified the +5 hunting sling "Zoutoma" {freeze, rElec}
  4578 | D:5      | Entered Level 5 of the Dungeon
  4692 | D:5      | Noticed Duvessa
  4692 | D:5      | Noticed Dowan
  4692 | D:5      | Noticed a yak
  4692 | D:5      | Noticed a yak
  4692 | D:5      | Noticed a yak
  4703 | D:5      | Killed a yak
  4707 | D:5      | Killed Duvessa
  4710 | D:5      | Found a sacrificial altar of Ru.
  4712 | D:5      | Found a hazy altar of Hepliaklqana.
  4712 | D:5      | Found a sparkling altar of Nemelex Xobeh.
  4722 | D:5      | Killed Dowan
  4723 | D:5      | Gained mutation: You regenerate a little health from kills.
                  | [demonic ancestry]
  4723 | D:5      | Reached XP level 8. HP: 34/51 MP: 8/8
  4878 | D:5      | Found an iron altar of Okawaru.
  4925 | D:5      | Found a staircase to the Ecumenical Temple.
  5337 | D:5      | Reached **** piety under Hepliaklqana
  5417 | D:5      | Noticed Menkaure
  5617 | D:5      | Killed Menkaure
  5650 | D:5      | Noticed Prince Ribbit
  5658 | D:5      | Killed Prince Ribbit
  5855 | D:6      | Reached skill level 1 in Invocations
  6177 | D:6      | Reached ***** piety under Hepliaklqana
  6183 | D:6      | Reached XP level 9. HP: 56/56 MP: 11/11
  6630 | D:7      | Reached skill level 10 in Short Blades
  6718 | D:7      | Found a runed translucent gate.
  6721 | D:7      | Found a runed translucent gate.
  6723 | D:7      | Found a runed translucent gate.
  6724 | D:7      | Noticed kae's ghost (novice DrTm)
  6767 | D:7      | Reached skill level 1 in Shields
  6849 | D:7      | Reached skill level 5 in Invocations
  7421 | D:8      | Identified the +4 ring mail of Xuquss {rElec Dex+8}
  7903 | D:8      | Reached skill level 5 in Fighting
  7908 | D:8      | Reached XP level 10. HP: 52/70 MP: 15/15
  8312 | D:9      | Found a faded altar of an unknown god.
  8320 | D:9      | Found a faded altar of an unknown god.
  8322 | D:9      | Found an ornate altar of the Wu Jian Council.
  8324 | D:9      | Found a bloodstained altar of Trog.
  8477 | D:9      | Found a staircase to the Orcish Mines.
  8691 | D:9      | Noticed an ice statue
  8704 | D:9      | Reached skill level 10 in Invocations
  8745 | D:10     | Entered Level 10 of the Dungeon
  8975 | D:9      | Found a shimmering altar of Xom.
  8977 | D:9      | Found a burning altar of Makhleb.
  9168 | D:10     | Noticed a red ugly thing
  9185 | D:10     | Killed a red ugly thing
  9189 | D:10     | Gained mutation: You regenerate health from kills. [demonic
                  | ancestry]
  9189 | D:10     | Reached XP level 11. HP: 81/81 MP: 19/19
  9239 | D:10     | Reached skill level 1 in Unarmed Combat
  9241 | D:10     | Reached skill level 2 in Unarmed Combat
  9270 | D:10     | Found a snail-covered altar of Cheibriados.
  9614 | D:11     | Reached ****** piety under Hepliaklqana
  9626 | D:11     | Reached skill level 3 in Unarmed Combat
  9698 | D:11     | Reached skill level 4 in Unarmed Combat
  9786 | D:11     | Found Ciliedgho's Antique Weapon Emporium.
  9795 | D:11     | Reached skill level 5 in Unarmed Combat
  9936 | D:11     | Reached skill level 6 in Unarmed Combat
  9976 | D:11     | Reached skill level 7 in Unarmed Combat
  9981 | D:11     | this ancestor is fucking awful
  9985 | D:11     | Found a staircase to the Lair.
 10330 | D:11     | Reached skill level 8 in Unarmed Combat
 10698 | D:12     | Noticed a brown ugly thing
 10705 | D:12     | Killed a brown ugly thing
 10706 | D:12     | Reached skill level 9 in Unarmed Combat
 10722 | D:12     | Noticed a boulder beetle
 10742 | D:12     | Killed a boulder beetle
 10743 | D:12     | Reached skill level 10 in Unarmed Combat
 10768 | D:12     | Noticed an ogre mage
 10768 | D:12     | Noticed an ogre mage
 10768 | D:12     | Noticed a boulder beetle
 10768 | D:12     | Noticed a wolf spider
 10770 | D:12     | Noticed a two-headed ogre
 10774 | D:12     | Noticed a seven-headed hydra
 10780 | D:12     | Killed a seven-headed hydra
 10781 | D:12     | Reached skill level 11 in Unarmed Combat
 10786 | D:12     | Killed an ogre mage
 10786 | D:12     | Noticed a boulder beetle
 10825 | D:12     | Killed a wolf spider
 10826 | D:12     | Reached skill level 12 in Unarmed Combat
 10827 | D:12     | Identified the +7 mace of the Bruised Dreams {drain, Will+
                  | Int-2 Dex+4}
 10986 | D:12     | Noticed a boulder beetle
 11240 | D:11     | Killed a boulder beetle
 11241 | D:11     | Gained mutation: You are partially covered in sharp spines.
                  | [demonic ancestry]
 11241 | D:11     | Reached XP level 12. HP: 66/88 MP: 20/20
 11518 | D:12     | Identified the Papyrus of the Flying Escort
 11527 | D:12     | Identified the Tome of Combat Magic and Poisoning
 11593 | D:12     | Found a bloodstained altar of Trog.
 11601 | D:12     | Quit the game

Illustrated notes

█.█...███ █..
█.R.....█ █..
███████...█.█
█.. █.........█
█.. █...$..████
█.. █████.†....█
█.. █.....†....█
█..
.██.....†....█
█..
......P@.███.█
█..
......R†...█..█
█..
..P............█
██.
.P.............█
██.
...............█
█..
P..P.......P...
█..
.P............P
█..
P.P........P...
█.. ███


Turn 9981 on D:11: this ancestor is fucking awful

Levels and vault maps discovered:
D:1:      dpeg_arrival_connections, layout_basic,
          chequers_ecumenical_altar_simple_redux, roderic_serpentine_path
D:2:      layout_rooms, amcnicky_mini_corridor_feature, minmay_misc_feat_roman,
          uniq_crazy_yiuf_cottage, uniq_natasha
D:3:      kennysheep_slugbush, layout_basic, lemuel_doored_altar,
          nicolae_gozag_seed_capital
D:4:      layout_basic, nicolae_ashenzari_panopticon, minmay_fire_ice_demons,
          uniq_grinder
D:5:      layout_loops_ring, chequers_temple_overflow_statue_of_worship,
          minmay_temple_entry_mini_moons, uniq_menkaure, uniq_prince_ribbit1,
          uniq_duvessa
D:6:      layout_basic
D:7:      layout_cave_pools, gammafunk_ghost_necromancy
D:8:      layout_basic, serial_glass, glass_columns_c, glass_columns_c,
          feat_on_display, feat_on_display, item_on_display_a
D:9:      cheibrodos_frozen_isle, layout_irregular_city,
          grunt_temple_overflow_champion_of_chaos,
          chequers_temple_overflow_minitemple, erik_orc_1
D:10:     layout_rooms, cheibriados_altar_1, minmay_stone_trees_small
D:11:     layout_basic, due_lair_maze_entry_diamond, serial_shops,
          nicolae_shop_statue_plus
D:12:     minmay_the_grid_octo_triangle [minmay_the_grid_octo_77,
          minmay_the_grid_octo_prize_star, minmay_the_grid_octo_fat_diamond],
          layout_irregular_city, minivault_16, kennysheep_crisscross,
          trog_butcher_becter

Skill      XL: |  1  2  3  4  5  6  7  8  9 10 11 |
---------------+----------------------------------+-----
Evocations     | 4 |  4.2
Short Blades   | 2 3 4 6 8 9 10 | 10.0
Invocations    | 3 7 11 | 11.0
Fighting       | 5 8 |  8.2
Shields        | 4 |  4.0
Unarmed Combat | 12 | 12.8
Armour         | |  1.7
Dodging        | |  0.8
Stealth        | |  0.8

Action                   |  1- 3 |  4- 6 |  7- 9 | 10-12 || total
-------------------------+-------+-------+-------+-------++-------
Melee: Short sword       |    23 |       |       |       ||    23
       Club              |     1 |       |       |       ||     1
       Dagger            |    23 |    70 |   174 |   293 ||   560
Invok: Ancestor Life: Ba |     1 |       |       |       ||     1
       Ancestor Identity |       |     1 |       |       ||     1
       Idealise          |       |       |       |     1 ||     1
       Recall Ancestor   |       |       |       |     1 ||     1
Evoke: Wand              |     5 |    12 |    17 |    63 ||    97
       Piece from Xom's  |       |    22 |    11 |    11 ||    44
       Phial of floods   |       |       |       |     1 ||     1
  Use: Scroll            |       |     4 |     2 |     8 ||    14
 Stab: Sleeping          |       |     1 |     7 |       ||     8
       Paralysed         |       |     2 |     3 |     6 ||    11
       Confused          |       |     1 |       |       ||     1
       Distracted        |       |       |     1 |     5 ||     6
       Petrifying        |       |       |     1 |     2 ||     3
Armor: Leather armour    |    11 |    20 |    15 |       ||    46
       Ring mail         |       |       |    12 |    94 ||   106
Dodge: Dodged            |    14 |    31 |    44 |    79 ||   168
Block: Buckler           |       |       |    12 |    64 ||    76

Table legend: (Time is in decaauts)
 A = Elapsed time spent in this place.
 B = Non-inter-level travel time spent in this place.
 C = Inter-level travel time spent in this place.
 D = Time resting spent in this place.
 E = Time spent auto-exploring this place.
 F = Levels seen in this place.
 G = Mean time per level.
                   A        B        C        D        E       F      G
               +--------+--------+--------+--------+--------+-----+--------+
         Total |  11376 |  10871 |    505 |    211 |   8892 |  12 |  948.0 |
       Dungeon |  11376 |  10871 |    505 |    211 |   8892 |  12 |  948.0 |
               +--------+--------+--------+--------+--------+-----+--------+

Top non-repeatable levels by time:
     D:4: 1477 daAuts
     D:1: 1422 daAuts
     D:5: 1179 daAuts
    D:11: 1166 daAuts
     D:2: 988 daAuts
     D:6: 911 daAuts
     D:9: 874 daAuts
     D:8: 790 daAuts
     D:7: 683 daAuts
     D:3: 678 daAuts
    D:10: 674 daAuts
    D:12: 529 daAuts
